AoeStats
← Baron Morg Von Wigard

Arena

513010228Analyzed
4v4 RM · 8d ago on Oct 11, 2026· 40m 27s· 8 players
Game mode
Random Map
Map size
Large (8 player)
Population
200
Speed
Normal
Resources
Standard
Victory
Conquest
Starting age
Dark Age
Ending age
Imperial Age
RankedLock teamsTeams togetherTeam positionsShared explorationLock speedFull tech treeHidden civsTurbo modeCheats
Victory
Defeat
🇳🇱 Danes · Netherlands
1423
+11
🇹🇼 Persians · Taiwan
1362
+13
🇦🇷 Burgundians · Argentina
1344
+14
🇨🇳 Franks · China
1276
+17
vs
🇫🇷 Vikings · France
1405
-18
🇧🇪 Khmer · Belgium
1290
-13
🇧🇪 Persians · Belgium
1268
-12
🇧🇪 Bohemians · Belgium
1251
-12
ralcaz
3:14 Double-Bit Axe
7:30 Horse Collar
10:57 Feudal Age
12:25 Bow Saw
14:31 Castle Age
13:14 Heavy Plow
19:14 Loom
20:06 Wheelbarrow
19:18 Town Watch
23:50 Two-Man Saw
23:20 Crop Rotation
24:01 Gold Mining
24:01 Stone Mining
24:30 Hand Cart
28:03 Imperial Age
26:00 Scale Barding Armor
26:46 Forging
27:47 Chain Barding Armor
27:08 Cavalier
27:48 Husbandry
29:13 Iron Casting
30:02 Chemistry
28:35 Paladin
30:26 Plate Barding Armor
31:32 Conscription
31:59 Gold Shaft Mining
31:59 Stone Shaft Mining
32:28 Treadmill Crane
32:59 Masonry
34:46 Blast Furnace
36:26 Pikeman
36:52 Arson
37:08 Squires
37:49 Burgundian Vineyards
Window_of_Opportunity
11:59 Feudal Age
15:39 Castle Age
13:49 Fletching
13:44 Double-Bit Axe
13:40 Horse Collar
13:51 Gold Mining
16:56 Bodkin Arrow
25:25 Ballistics
25:29 Thumb Ring
30:56 Imperial Age
29:20 Gold Shaft Mining
29:20 Padded Archer Armor
29:34 Bow Saw
31:00 Padded Archer Armor
31:03 Heavy Plow
31:06 Cranequins
31:52 Bracer
32:57 Loom
33:47 Wheelbarrow
35:14 Hand Cart
34:32 Onager
36:33 Town Watch
37:51 Northmen's Fury
39:28 Stone Mining
39:19 Siege Onager
KunagKuang
7:41 Loom
11:10 Feudal Age
11:58 Double-Bit Axe
14:41 Castle Age
13:06 Horse Collar
16:03 Bow Saw
19:40 Wheelbarrow
21:31 Stone Mining
22:34 Gold Mining
23:12 Hand Cart
24:00 Stone Shaft Mining
24:16 Gold Shaft Mining
25:10 Heavy Plow
28:10 Imperial Age
26:14 Scale Barding Armor
26:33 Forging
26:16 Loom
26:16 Town Watch
26:42 Husbandry
26:52 Bloodlines
27:43 Chain Barding Armor
27:25 Devotion
28:31 Iron Casting
29:29 Plate Barding Armor
29:05 Elite War Elephant
31:35 Blast Furnace
32:39 Padded Archer Armor
33:46 Chemistry
34:51 Leather Archer Armor
36:01 Ring Archer Armor
36:37 Conscription
36:46 Guilds
39:59 Faith
40:17 Crop Rotation
40:47 Two-Man Saw
绵绵
10:52 Feudal Age
14:45 Castle Age
14:31 Double-Bit Axe
14:49 Town Watch
14:50 Loom
22:29 Forging
26:01 Iron Casting
25:27 Scale Mail Armor
27:59 Wheelbarrow
27:45 Bow Saw
30:00 Hand Cart
34:16 Imperial Age
35:19 Chain Mail Armor
36:33 Blast Furnace
35:36 Gold Mining
35:36 Stone Mining
36:37 Block Printing
38:12 Conscription
38:55 Elite Throwing Axeman
40:50 Plate Mail Armor
Canderous Ordo
7:04 Loom
9:48 Feudal Age
10:19 Double-Bit Axe
11:30 Horse Collar
18:47 Castle Age
19:57 Bow Saw
19:50 Heavy Plow
20:40 Fervor
21:34 Wheelbarrow
22:32 Sanctity
27:51 Imperial Age
27:24 Chemistry
26:36 Squires
26:35 Fletching
26:46 Scale Mail Armor
27:12 Town Watch
27:33 Bodkin Arrow
29:01 Conscription
29:28 Bracer
30:00 Guilds
32:58 Two-Man Saw
32:19 Wagenburg Tactics
33:43 Siege Engineers
35:24 Chain Mail Armor
35:19 Forging
34:32 Pikeman
34:57 Arson
35:01 Halberdier
36:59 Plate Mail Armor
37:53 Iron Casting
38:41 Hand Cart
fuzzzy83
10:05 Feudal Age
11:19 Loom
13:57 Castle Age
12:00 Double-Bit Axe
15:48 Horse Collar
20:45 Wheelbarrow
20:26 Stone Mining
22:17 Bow Saw
24:46 Fletching
29:01 Imperial Age
27:09 Heavy Plow
27:32 Gold Mining
30:37 Stone Shaft Mining
30:37 Scale Barding Armor
30:43 Forging
31:48 Hand Cart
31:22 Town Watch
32:22 Chain Barding Armor
32:27 Conscription
33:38 Iron Casting
34:32 Plate Barding Armor
34:49 Pikeman
35:31 Squires
36:47 Blast Furnace
35:18 Elite War Elephant
38:18 Scale Mail Armor
37:41 Halberdier
39:53 Chain Mail Armor
LanaAio
10:43 Feudal Age
13:43 Castle Age
11:34 Double-Bit Axe
11:36 Horse Collar
15:57 Wheelbarrow
16:20 Heavy Plow
20:15 Bow Saw
20:10 Loom
23:43 Hand Cart
27:28 Imperial Age
27:08 Ballistics
28:01 Gold Mining
28:33 Heavy Scorpion
31:14 Chemistry
29:48 Pikeman
30:43 Halberdier
32:09 Scale Mail Armor
32:20 Forging
34:19 Chain Mail Armor
34:39 Iron Casting
35:11 Fortified Wall
37:48 Blast Furnace
Baron Morg Von Wigard
10:09 Feudal Age
14:01 Castle Age
12:23 Double-Bit Axe
14:17 Fletching
15:11 Crossbowman
16:08 Loom
19:20 Padded Archer Armor
21:39 Scale Mail Armor
22:10 Squires
22:35 Chain Mail Armor
28:09 Town Watch
30:51 Pikeman
Connection lost

Rejoining the realm…

Still unreachable

The connection could not be restored.

Session expired

The server has moved on; the page needs a fresh start.